 Dungeon Crawl Stone Soup version 0.16.2-12-gd0ad4c3 (webtiles) character file.

219 gorblad the Ducker (level 5, 0/40 HPs)
             Began as a Demonspawn Gladiator on Sept 16, 2015.
             Was an Initiate of Gozag.
             Succumbed to poison (a potion of poison)
             ... on level 4 of the Dungeon.
             The game lasted 00:09:45 (2213 turns).

gorblad the Ducker (Demonspawn Gladiator)           Turns: 2213, Time: 00:09:45

Health: 0/40       AC: 11    Str: 17      XL:     5   Next: 64%
Magic:  5/5        EV:  5    Int:  7      God:    Gozag
Gold:   73         SH:  6    Dex: 11 (13) Spells: 0 memorised, 4 levels left

rFire  . . .     SeeInvis +     a - +0 flail
rCold  . . .     Clarity  .     r - +0 chain mail
rNeg   + . .     SustAb   .     s - -1 shield (curse)
rPois  .         Gourm    .     (helmet restricted)
rElec  .         Spirit   .     n - +1 cloak
rCorr  .         Warding  .     (no gloves)
rMut   .         Stasis   .     (no boots)
MR     +....                    (no amulet)
Stlth  ..........               u - ring of see invisible
                                k - ring of positive energy

@: lethally poisoned (0 -> -14), somewhat resistant to hostile enchantments,
extremely unstealthy
A: horns 1, molten scales 1, dopey 1, magic resistance 1, spiny 1, MP-powered
wands 1
a: Potion Petition, Call Merchant, Bribe Branch, Renounce Religion


You were on level 4 of the Dungeon.
You worshipped Gozag.
Gozag was noncommittal.
You were not hungry.

You visited 1 branch of the dungeon, and saw 4 of its levels.

You collected 152 gold pieces.
You paid 79 gold pieces to Gozag.

Inventory:

Hand weapons
 a - a +0 flail (weapon)
Missiles
 d - 3 throwing nets (quivered)
Armour
 n - a +1 cloak (worn)
 r - a +0 chain mail (worn)
 s - a cursed -1 shield (worn)
 v - a +0 scale mail
Jewellery
 k - a ring of positive energy (left hand)
 u - a ring of see invisible (right hand)
Magical devices
 c - a wand of frost (20)
Scrolls
 b - a scroll of enchant weapon {unknown}
Potions
 e - a potion of haste {unknown}
 g - a potion of lignification {unknown}
 h - a potion of agility
 j - 2 potions of degeneration
 l - a potion of mutation
 m - a potion of curing {unknown}
 o - a potion of restore abilities {unknown}
 p - 2 potions of poison
Comestibles
 f - 3 bread rations
 t - 2 meat rations


   Skills:
 + Level 2.9 Fighting
 + Level 3.5 Maces & Flails
 + Level 2.0 Throwing
 + Level 1.6 Armour
 + Level 4.3 Dodging
 + Level 0.2 Stealth


You had 4 spell levels left.
You didn't know any spells.

Dungeon Overview and Level Annotations

Branches:
Dungeon (4/15)
 Temple: D:4-7

Altars:
Gozag
Xom

Annotations:
D:4 Scuka's ghost, average GrFi


Innate Abilities, Weirdness & Mutations

You have a pair of small horns on your head.
You are partially covered in molten scales (AC +1).
You are partially covered in sharp spines.
You are dopey. (Int -2)
You are resistant to hostile enchantments.
You expend magic power (3 MP) to slightly strengthen your wands.


Message History

You are too injured to fight recklessly!
Drink which item? (? for menu, Esc to quit)
It was a potion of degeneration.
There was something very wrong with that liquid.
You feel clumsy. You block Scuka's ghost's attack.
Drink which item? (? for menu, Esc to quit)
It was a potion of poison.
That liquid tasted very nasty...
You are lethally poisoned!
* * * LOW HITPOINT WARNING * * *
You feel sick.
Scuka's ghost hits you but does no damage.
Drink which item? (? for menu, Esc to quit)
It was a potion of mutation.
You feel extremely strange.
You feel less able to contain your magic power.
You feel stupid.
You feel resistant to hostile enchantments.
You die...
Your body crumbles into a pile of gold.

$ ##+####
#.....#
#..$..+
#.@W..# ...
#.....##....
#...........
#...........
#...........
#...........
#...$.......
#...........#
#...<........


You could see Scuka's ghost.

Vanquished Creatures
  A worker ant (D:3)
  Jessica (D:3)
  7 adders
  A giant mite (D:2)
  4 worms
  2 giant geckos
  7 orcs
  A ball python (D:2)
  6 hobgoblins
  12 jackals
  2 quokkas (D:3)
  6 bats
  4 giant cockroaches
  6 giant newts
  5 goblins
  9 kobolds
  7 rats
81 creatures vanquished.

Notes
Turn   | Place    | Note
--------------------------------------------------------------
     0 | D:1      | gorblad, the Demonspawn Gladiator, began the quest for the Orb.
     0 | D:1      | Reached XP level 1. HP: 16/16 MP: 1/1
   387 | D:1      | Gained mutation: You are partially covered in sharp spines. [demonic ancestry]
   387 | D:1      | Reached XP level 2. HP: 16/22 MP: 2/2
   457 | D:1      | Reached skill level 3 in Dodging
   702 | D:1      | Reached XP level 3. HP: 27/27 MP: 3/3
   758 | D:2      | Reached skill level 1 in Armour
   973 | D:2      | Gained mutation: You are partially covered in molten scales (AC +1). [demonic ancestry]
   973 | D:2      | Reached XP level 4. HP: 27/34 MP: 4/4
  1519 | D:2      | Reached skill level 4 in Dodging
  1550 | D:2      | Gained mutation: You have a pair of small horns on your head. [demonic ancestry]
  1550 | D:2      | Reached XP level 5. HP: 40/40 MP: 5/5
  1709 | D:3      | Found an opulent altar of Gozag.
  1740 | D:3      | Noticed Jessica
  1761 | D:3      | Killed Jessica
  1818 | D:3      | Found a shimmering altar of Xom.
  1906 | D:3      | Became a worshipper of Gozag Ym Sagoz the Greedy
  2196 | D:4      | Noticed Scuka's ghost (average GrFi)
  2212 | D:4      | HP: 1/40 [poison (a potion of poison)]
  2213 | D:4      | Gained mutation: You expend magic power (3 MP) to slightly strengthen your wands. [potion of mutation]
  2213 | D:4      | Gained mutation: You are dopey. (Int -2) [potion of mutation]
  2213 | D:4      | Gained mutation: You are resistant to hostile enchantments. [potion of mutation]
  2213 | D:4      | Succumbed to poison (a potion of poison)

Action                   |  1- 3 |  4- 6 || total
-------------------------+-------+-------++-------
Melee: Flail             |   112 |   156 ||   268
  Use: Scroll            |     2 |     4 ||     6
       Potion            |       |     3 ||     3
  Eat: Chunk             |       |     4 ||     4
       Bread ration      |       |     1 ||     1
